 Dungeon Crawl Stone Soup version 0.30-a0-728-gc68057be0a (webtiles) character file.

Game seed: 11620368530351944423

58 BigDaddyOpFi the Chopper (level 4, -1/40 HPs)
             Began as a Hill Orc Monk on Jan 31, 2023.
             Slain by Terence
             ... wielding a +0 trident
              (8 damage)
             ... while paralysed by Grinder
             ... on level 3 of the Dungeon.
             The game lasted 00:01:28 (1540 turns).

BigDaddyOpFi the Chopper (Hill Orc Monk)            Turns: 1540, Time: 00:01:29

Health: -1/40      AC:  9    Str: 15    XL:     4   Next: 2%
Magic:  0/4        EV:  2    Int: 10    God:
Gold:   92         SH:  0    Dex: 13    Spells: 3/3 levels left

rFire   . . .      SeeInvis .    a - +0 hand axe
rCold   . . .      Faith    .    (no shield)
rNeg    . . .      Spirit   +    d - +0 chain mail
rPois   .          Reflect  .    (no helmet)
rElec   .          Harm     .    k - +0 cloak
rCorr   .          Rampage  .    (no gloves)
Will    .....                    (no boots) Stlth
                                 g - amulet of guardian spirit
HPRegen 0.26/turn                (no ring)
MPRegen 0.09/turn                (no ring)

@: paralysed
A: no striking features
a: no special abilities


You were on level 3 of the Dungeon.
You visited 1 branch of the dungeon, and saw 3 of its levels.

You collected 92 gold pieces.

Inventory:

Hand Weapons
 a - a +0 hand axe (weapon)
Armour
 d - a +0 chain mail (worn)
 k - a +0 cloak (worn)
Jewellery
 b - an amulet of reflection
 g - an amulet of guardian spirit (around neck)
Scrolls
 f - a scroll of teleportation
 h - a scroll of vulnerability
 j - a scroll of poison {unknown}
 l - a scroll of enchant weapon {unknown}
 m - a scroll of identify {unknown}
Potions
 e - a potion of curing


   Skills:
 + Level 4.2 Fighting
 + Level 4.7 Axes
 + Level 2.8 Dodging
 + Level 2.2 Stealth


You had 3 spell levels left.
You didn't know any spells.
Your spell library contained the following spells:

 Spells                   Type           Power      Damage    Failure   Level
 Inner Flame              Hex/Fire       0%         N/A       100%        3
 Cause Fear               Hex            0%         N/A       100%        4
 Discord                  Hex            0%         N/A       100%        8


Dungeon Overview and Level Annotations

Branches:
Dungeon (3/15)

Altars:

Annotations:
D:3 Grinder, Terence


Message History

Terence the Incautious comes into view.
He is wielding a +0 trident.
Terence shouts!
Terence hits you from afar with a +0 trident!
There are monsters nearby!
Terence hits you with a +0 trident.
You hit Terence.
Terence is moderately wounded.
Terence hits you but does no damage.
You are confused.
You feel invigorated. Terence barely misses you.
It was a potion of curing.
You feel better.
You feel less invigorated. Terence barely misses you. Grinder gestures at you.
You barely resist.
It was a potion of heal wounds.
You feel much better. Terence hits you with a +0 trident. Grinder hits you!
You writhe in agony.
You closely miss Grinder. You hit Terence. Terence hits you with a +0 trident.
Grinder gestures at you.
You barely resist. You hit Grinder.
Grinder is lightly wounded.
You closely miss Terence. Terence hits you with a +0 trident.
Grinder hits you but does no damage.
You hit Grinder but do no damage.
Grinder is lightly wounded.
You barely miss Terence. Terence hits you with a +0 trident.
Grinder hits you but does no damage.
You closely miss Grinder.
Grinder is lightly wounded.
You hit Terence but do no damage. Terence closely misses you.
Grinder says, "You look like you could use a good racking."
Grinder gestures at you.
You suddenly lose the ability to move!
Terence hits you but does no damage. Grinder hits you.
You writhe in agony.
Terence hits you but does no damage. Grinder hits you.
* * * LOW HITPOINT WARNING * * *
You writhe in agony.
* * * LOW HITPOINT WARNING * * *
Terence hits you with a +0 trident!
You die...

#.# ..# ### #.#
#.#####.# #.....#.#
##### #.###.#.#
###....# #####.....#.#
#....~.# ..........'.#
#.@..~.#
.....#....######@5.~..#
...................~~.#
####.#..#########.~~~.#
#...<.^..... .....#
#.#..†..#### #~..##
....†....... ##.#
..#...[....# .#
###........# #
.....>...#


You could see Grinder and Terence.

Vanquished Creatures
  A gnoll (D:1)
  A worm (D:2)
  3 dart slugs (D:1)
  7 ball pythons
  2 bats
  3 endoplasms
  A giant cockroach (D:2)
  3 goblins
  5 hobgoblins
  2 jackals (D:1)
  3 kobolds
  A frilled lizard (D:1)
  6 rats
38 creatures vanquished.

Notes
Turn   | Place    | Note
-------+----------+-------------------------------------------
     0 | D:1      | BigDaddyOpFi the Hill Orc Monk began the quest for the Orb.
     0 | D:1      | Reached XP level 1. HP: 19/19 MP: 1/1
   236 | D:1      | Reached XP level 2. HP: 26/27 MP: 2/2
   364 | D:1      | Reached XP level 3. HP: 33/33 MP: 3/3
  1506 | D:3      | Reached XP level 4. HP: 40/40 MP: 4/4
  1527 | D:3      | Noticed Grinder
  1527 | D:3      | Noticed Terence
  1537 | D:3      | Paralysed by Grinder for 4 turns
  1540 | D:3      | Slain by Terence

Illustrated notes

Levels and vault maps discovered:
D:1:      roderic_chinese_lattice_arrival, layout_basic
D:2:      layout_basic
D:3:      layout_basic, gammafunk_temple_overflow_statue,
          lemuel_zombie_altar_kikubaaqudgha, chequers_serial_rivers_micro_c,
          st_stairs_7, uniq_terence, uniq_grinder

Skill      XL: |  1  2 |
---------------+-------+-----
Fighting       | 4 |  4.2
Stealth        | 2 |  2.2
Axes           | |  4.7
Dodging        | |  2.8

Action                     |  1- 3 |  4- 6 || total
---------------------------+-------+-------++-------
  Melee: Hand axe          |   110 |     5 ||   115
    Use: Scroll            |     3 |       ||     3
         Potion            |       |     3 ||     3
 Armour: Robe              |     2 |       ||     2
         Chain mail        |    67 |     5 ||    72
  Dodge: Dodged            |    37 |     3 ||    40

Table legend: (Time is in decaauts)
 A = Elapsed time spent in this place.
 B = Non-inter-level travel time spent in this place.
 C = Inter-level travel time spent in this place.
 D = Time resting spent in this place.
 E = Time spent auto-exploring this place.
 F = Levels seen in this place.
 G = Mean time per level.
                   A        B        C        D        E       F      G
               +--------+--------+--------+--------+--------+-----+--------+
         Total |   1548 |   1481 |     67 |      0 |   1191 |   3 |  516.0 |
       Dungeon |   1548 |   1481 |     67 |      0 |   1191 |   3 |  516.0 |
               +--------+--------+--------+--------+--------+-----+--------+

Top non-repeatable levels by time:
     D:1: 944 daAuts
     D:2: 565 daAuts
     D:3: 38 daAuts
